 Dungeon Crawl Stone Soup version 0.30-a0-778-g2ef04afb54 (webtiles) character file.

Game seed: 18393571426956206760

2034 bande the Chopper (level 9, -8/54 HPs)
             Began as a Gargoyle Fighter on Feb 16, 2023.
             Was a Priest of Okawaru.
             Mangled by a yak (12 damage)
             ... on level 7 of the Dungeon.
             The game lasted 00:09:47 (4760 turns).

bande the Chopper (Gargoyle Fighter)                Turns: 4760, Time: 00:09:48

Health: -8/54      AC: 20    Str: 20    XL:     9   Next: 24%
Magic:  11/11      EV:  6    Int:  9    God:    Okawaru [***...]
Gold:   492        SH:  9    Dex: 13    Spells: 8/8 levels left

rFire   + . .      SeeInvis .    a - +1 war axe
rCold   . . .      Faith    +    m - +0 kite shield
rNeg    + . .      Spirit   .    l - +0 chain mail
rPois   ∞          Reflect  .    w - +1 helmet
rElec   +          Harm     .    (no cloak)
rCorr   .          Rampage  .    (no gloves)
Will    +....                    f - +1 pair of boots Stlth
                                 e - amulet of faith
HPRegen 0.29/turn                q - ring of protection from fire
MPRegen 0.12/turn                o - ring of willpower

@: no status effects
A: sickness immunity, AC +6, negative energy resistance 1, electricity
resistance, torment resistance 1, petrification resistance
a: Renounce Religion, Heroism


You were on level 7 of the Dungeon.
You worshipped Okawaru.
Okawaru was most pleased with you.
You visited 2 branches of the dungeon, and saw 8 of its levels.

You collected 492 gold pieces.

Inventory:

Hand Weapons
 a - a +1 war axe (weapon)
 u - a +0 flail
Armour
 f - a +1 pair of boots (worn)
 l - a +0 chain mail (worn)
 m - a +0 kite shield (worn)
 w - a +1 helmet (worn)
Jewellery
 e - an amulet of faith (around neck)
 k - a +6 ring of strength
 o - a ring of willpower (right hand)
 q - a ring of protection from fire (left hand)
Wands
 r - a wand of flame (25)
 t - a wand of paralysis (13)
 v - a wand of digging (8)
Scrolls
 c - 7 scrolls of magic mapping
 n - 2 scrolls of teleportation
 x - a scroll of fear
Potions
 b - 2 potions of ambrosia
 d - 3 potions of might
 g - 3 potions of haste
 h - a potion of cancellation
 i - 2 potions of mutation
 j - a potion of lignification {unknown}
 p - a potion of flight {unknown}
 s - 2 potions of heal wounds {unknown}
 z - a potion of attraction {unknown}


   Skills:
 + Level 5.5 Fighting
 + Level 7.3 Axes
 + Level 5.6 Armour
 + Level 5.7 Shields
 * Level 3.6 Invocations
 * Level 3.2 Evocations


You had 8 spell levels left.
You didn't know any spells.
Your spell library contained the following spells:

 Spells                   Type           Power      Damage    Failure   Level
 Beastly Appendage        Tmut           0%         N/A       100%        1
 Wereblood                Tmut           0%         N/A       100%        2
 Spider Form              Tmut/Pois      0%         N/A       100%        3
 Orb of Destruction       Conj           0%         9d5       100%        7
 Summon Guardian Golem    Hex/Summ       Unusable   N/A       N/A         3
 Spellforged Servitor     Conj/Summ      Unusable   N/A       N/A         7

Dungeon Overview and Level Annotations

Branches:
Dungeon (7/15)             Temple (1/1) D:5

Altars:
Ashenzari
Dithmenos
Elyvilon
Fedhas
Gozag
Kikubaaqudgha
Nemelex Xobeh
Okawaru
Qazlal
Ru
Sif Muna
Trog
Uskayaw
Vehumet
Wu Jian
Yredelemnul
Zin


Innate Abilities, Weirdness & Mutations

You are immune to sickness and miasma.
Your stone body is resilient. (AC +6)
You are immune to poison.
You resist negative energy. (rN+)
You are resistant to electric shocks. (rElec)
You are resistant to unholy torment.
You are immune to petrification.


Message History

* * * LOW HITPOINT WARNING * * *
The yak gores you.
* * * LOW HITPOINT WARNING * * *
You slash the yak!
The yak is severely wounded.
You slash the yak!
You kill the yak!
Okawaru accepts your kill.
You hit the yak but do no damage. The yak gores you but does no damage.
You block the yak's attack.
Unknown command.
You hit the yak.
The yak is almost dead.
You closely miss the yak. You hit the yak. The yak barely misses you.
The yak gores you but does no damage. x2
You hit the yak but do no damage.
The yak is almost dead.
You hit the yak but do no damage. You slash the yak!
You kill the yak!
Okawaru accepts your kill. The yak gores you!
* * * LOW HITPOINT WARNING * * *
The yak gores you but does no damage. You block the yak's attack. x2
Unknown command.
You are confused.
You feel invigorated.
The yak gores you but does no damage. x2
The yak barely misses you. x2
Things that are here:
a yak corpse; a yak corpse You're too confused to move!
You feel less invigorated.
You feel less confused. The yak gores you.
* * * LOW HITPOINT WARNING * * *
The yak gores you!
* * * LOW HITPOINT WARNING * * *
Unknown command.
You slash the yak!
The yak is moderately wounded.
You barely miss the yak. The yak gores you!
You die...

.# #.# #.# #.# #.(## #
#.# #.# #...# ## #.# #.#
..... .###.# #># #...
#.##.# #.# #..# ##.#.#
#.# #..# ##..####.# #YY#
#...>....#####.@####.
#.#######...............
.# ################ .


You could see 2 yaks.

Vanquished Creatures
  4 yaks (D:7)
  A water moccasin (D:5)
  2 ice beasts
  A sky beast (D:6)
  A black bear (D:5)
  2 ogres (D:6)
  A phantom (D:6)
  A centaur (D:6)
  2 scorpions
  A howler monkey (D:6)
  3 hounds
  3 orc priests
  Ijyb (D:5)
  Terence (D:2)
  2 iguanas
  3 orc wizards
  8 adders
  2 white imps
  An ufetubus (D:4)
  A worm (D:2)
  2 dart slugs
  17 orcs
  4 bats
  3 endoplasms
  3 giant cockroaches
  2 goblins
  3 hobgoblins
  2 jackals (D:2)
  3 quokkas
  9 ball pythons
  6 frilled lizards
  7 kobolds
  5 rats
107 creatures vanquished.

Notes
Turn   | Place    | Note
-------+----------+-------------------------------------------
     0 | D:1      | bande the Gargoyle Fighter began the quest for the Orb.
     0 | D:1      | Reached XP level 1. HP: 14/14 MP: 1/1
   122 | D:1      | Reached XP level 2. HP: 19/19 MP: 2/2
   263 | D:1      | Reached skill level 2 in Axes
   525 | D:1      | Reached XP level 3. HP: 23/23 MP: 3/3
   878 | D:2      | Noticed Terence
   887 | D:2      | Killed Terence
   888 | D:2      | Reached XP level 4. HP: 18/29 MP: 4/4
  1417 | D:3      | Found a faded altar of an unknown god.
  1586 | D:3      | Reached skill level 3 in Axes
  1587 | D:3      | Reached XP level 5. HP: 32/33 MP: 5/5
  2032 | D:4      | Reached XP level 6. HP: 38/38 MP: 6/6
  2098 | D:4      | You fall into a shaft and drop 1 floor!
  2098 | D:5      | Entered Level 5 of the Dungeon
  2159 | D:4      | Reached skill level 4 in Axes
  2450 | D:4      | Found a shadowy altar of Dithmenos.
  2919 | D:5      | Noticed an ice beast
  2926 | D:5      | Killed an ice beast
  2983 | D:5      | Reached XP level 7. HP: 44/44 MP: 7/7
  2986 | D:5      | Noticed Ijyb
  2997 | D:5      | Killed Ijyb
  3182 | D:5      | Reached skill level 5 in Axes
  3182 | D:5      | Reached skill level 5 in Armour
  3228 | D:5      | Reached skill level 1 in Evocations
  3229 | D:5      | Found a staircase to the Ecumenical Temple.
  3251 | Temple   | Entered the Ecumenical Temple
  3383 | Temple   | Became a worshipper of Warmaster Okawaru
  3535 | D:5      | Reached skill level 1 in Invocations
  3660 | D:6      | Reached * piety under Okawaru
  3661 | D:6      | Reached XP level 8. HP: 44/48 MP: 7/9
  3749 | D:6      | Reached skill level 5 in Shields
  3769 | D:6      | Reached skill level 6 in Axes
  4239 | D:6      | Reached ** piety under Okawaru
  4257 | D:6      | Reached skill level 5 in Fighting
  4735 | D:7      | Noticed a yak
  4735 | D:7      | Noticed a yak
  4735 | D:7      | Noticed a yak
  4735 | D:7      | Noticed a yak
  4735 | D:7      | Noticed a yak
  4735 | D:7      | Noticed a yak
  4742 | D:7      | Killed a yak
  4747 | D:7      | Killed a yak
  4747 | D:7      | Reached *** piety under Okawaru
  4748 | D:7      | Reached skill level 7 in Axes
  4748 | D:7      | Reached XP level 9. HP: 39/54 MP: 11/11
  4760 | D:7      | Mangled by a yak

Illustrated notes

Levels and vault maps discovered:
D:1:      onia_arrival_pentagram, layout_rooms, minmay_tromino_i4
D:2:      layout_loops_ring, corexii_leaking_fountain, hangedman_decor_lopped,
          roderic_roman_lattice, uniq_terence
D:3:      layout_basic, hellmonk_ecumenical_altar_pennies_from_heaven
D:4:      layout_basic, grunt_dithmenos_smoke
D:5:      layout_rooms, temple_pool_b, minmay_starry_boxes, uniq_ijyb
D:6:      layout_loops_cross
D:7:      layout_loops_ring, nicolae_fountain_basement
Temple:   nicolae_temple_slightly_damp_pantheon

Skill      XL: |  1  2  3  4  5  6  7  8 |
---------------+-------------------------+-----
Axes           | 2 3 4 5 7 |  7.3
Armour         | 4 5 |  5.6
Fighting       | 4 5 |  5.5
Shields        | 4 5 |  5.7
Evocations     | 1 3 |  3.2
Invocations    | 1 3 |  3.6

Action                     |  1- 3 |  4- 6 |  7- 9 || total
---------------------------+-------+-------+-------++-------
  Melee: War axe           |   106 |   132 |   160 ||   398
    Use: Scroll            |       |     7 |     9 ||    16
         Potion            |       |       |     1 ||     1
 Armour: Scale mail        |    66 |       |       ||    66
         Chain mail        |       |   107 |   155 ||   262
  Dodge: Dodged            |    69 |    40 |    46 ||   155
  Block: Buckler           |    33 |       |       ||    33
         Kite shield       |       |    51 |    89 ||   140

Table legend: (Time is in decaauts)
 A = Elapsed time spent in this place.
 B = Non-inter-level travel time spent in this place.
 C = Inter-level travel time spent in this place.
 D = Time resting spent in this place.
 E = Time spent auto-exploring this place.
 F = Levels seen in this place.
 G = Mean time per level.
                   A        B        C        D        E       F      G
               +--------+--------+--------+--------+--------+-----+--------+
         Total |   4935 |   4832 |    103 |    339 |   3260 |   8 |  616.9 |
       Dungeon |   4772 |   4669 |    103 |    339 |   3148 |   7 |  681.7 |
        Temple |    162 |    162 |      0 |      0 |    112 |   1 |  162.0 |
               +--------+--------+--------+--------+--------+-----+--------+

Top non-repeatable levels by time:
     D:6: 1069 daAuts
     D:4: 1060 daAuts
     D:2: 776 daAuts
     D:1: 668 daAuts
     D:5: 606 daAuts
     D:3: 491 daAuts
  Temple: 162 daAuts
     D:7: 99 daAuts
